 Dungeon Crawl Stone Soup version 0.17.2-1-ge4368a0 (webtiles) character file.

24 Goblin1989 the Cutter (level 2, 0/14 HPs)
             Began as a Spriggan Gladiator on Apr 25, 2017.
             Slain by an adder (3 damage)
             ... on level 2 of the Dungeon.
             The game lasted 00:02:18 (1309 turns).

Goblin1989 the Cutter (Spriggan Gladiator)          Turns: 1309, Time: 00:02:18

Health: 0/14       AC:  2    Str: 11    XL:     2   Next: 79%
Magic:  3/3        EV: 26    Int:  9    God:
Gold:   15         SH:  0    Dex: 21    Spells: 0 memorised, 1 level left

rFire  . . .     SeeInvis +     a - +0 rapier
rCold  . . .     Clarity  .     b - +0 robe
rNeg   . . .     SustAt   .     (shield restricted)
rPois  .         Gourm    .     c - +0 hat
rElec  .         Spirit   .     (no cloak)
rCorr  .         Warding  .     (gloves unavailable)
rMut   .         Stasis   .     (boots unavailable)
MR     .....                    (no amulet)
Stlth  +++.......               (no ring)
                                (no ring)

@: agile, lethally poisoned (0 -> -10), very quick, not resistant to hostile
enchantments, fairly stealthy
A: unfitting armour, see invisible, herbivore 3, speed 3, slow metabolism 2
a: no special abilities


You were on level 2 of the Dungeon.
You were not hungry.

You visited 1 branch of the dungeon, and saw 2 of its levels.

You collected 15 gold pieces.

Inventory:

Hand Weapons
 a - a +0 rapier (weapon)
Missiles
 Z - 3 throwing nets {!d, =f}
Armour
 b - a +0 robe (worn)
 c - a +0 hat (worn)
 q - a +0 buckler
Wands
 m - a wand of random effects (26)
Scrolls
 h - a scroll of recharging {unknown}
 i - 2 scrolls of identify {unknown}
 j - a scroll of magic mapping {unknown}
Potions
 d - 2 potions of magic {unknown}
 g - a potion of lignification {unknown}
 k - a potion of curing {unknown}
 l - a potion of brilliance {unknown}
 n - 2 potions of cure mutation {unknown}
 o - a potion of cancellation {unknown}
 p - a potion of might {unknown}
Comestibles
 e - a bread ration {@e1}


   Skills:
 - Level 1.5 Fighting
 + Level 4.5 Short Blades
 - Level 2.0 Throwing
 - Level 4.4 Dodging


You had one spell level left.
You didn't know any spells.

Dungeon Overview and Level Annotations

Branches:
Dungeon (2/15)

Altars:
Nemelex Xobeh


Innate Abilities, Weirdness & Mutations

You are tiny and cannot use many weapons and most armour.
You have supernaturally acute eyesight.
You are a herbivore.
You cover ground extremely quickly.
You need consume almost no food.


Message History

No target in view!
No target in view!
No target in view!
No target in view!
No target in view!
No target in view!
No target in view!
No target in view!
No target in view!
No target in view!
No target in view!
No target in view!
No target in view!
No target in view!
No target in view!
No target in view!
No target in view!
No target in view!
You now have 15 gold pieces (gained 10).
A rat comes into view.
You hit the rat but do no damage. The rat barely misses you.
You closely miss the rat. The rat bites you.
You take 1 damage, and have 13/14 hp.
You puncture the rat!
You kill the rat!
No target in view!
No target in view!
No target in view!
No target in view!
No target in view!
No target in view!
No target in view!
No target in view!
No target in view!
No target in view!
No target in view!
No target in view!
No target in view!
No target in view!
No target in view!
No target in view!
No target in view!
No target in view!
No target in view!
You see here a rat corpse.
An adder comes into view.
Health restored: 14 You barely miss the adder.
The adder barely misses you. The adder bites you.
You are poisoned.
The adder poisons you!
You take 1 damage, and have 13/14 hp.
You hit the adder.
The adder is moderately wounded.
You feel sick. The adder closely misses you.
You take 1 damage, and have 12/14 hp.
You closely miss the adder.
The adder is moderately wounded.
You feel sick. The adder misses you.
You take 1 damage, and have 11/14 hp.
You miss the adder.
The adder is moderately wounded.
The adder closely misses you. The adder misses you.
You miss the adder.
The adder is moderately wounded.
The adder misses you.
You hit the adder but do no damage.
The adder is moderately wounded.
You feel sick. The adder bites you.
You are lethally poisoned!
The adder poisons you!
You take 2 damage, and have 9/14 hp.
You miss the adder.
The adder is moderately wounded.
You feel sick. The adder bites you.
* * * LOW HITPOINT WARNING * * *
You are too injured to fight recklessly!
You take 5 damage, and have 4/14 hp.
MASSIVE DAMAGE!!
You are too injured to fight recklessly!
You are too injured to fight recklessly!
You are too injured to fight recklessly!
You are too injured to fight recklessly!
You are too injured to fight recklessly!
You are too injured to fight recklessly!
You are too injured to fight recklessly!
You are too injured to fight recklessly!
You are too injured to fight recklessly!
You are too injured to fight recklessly!
You are too injured to fight recklessly!
You are too injured to fight recklessly!
You are too injured to fight recklessly!
You are too injured to fight recklessly!
You are too injured to fight recklessly!
You are too injured to fight recklessly!
Unknown command.
Drink which item? (? for menu, Esc to quit)
It was a potion of agility.
You feel agile all of a sudden.
* * * LOW HITPOINT WARNING * * *
You feel sick. The adder bites you.
You die... ..█..█.██.†█..█ █ ..█..█.███.█...... █........█..██.█ ███....███.█..██.█ .......███.█..██.█ .....†............ ███....███.█.███.█ █ █..........█ █S█

.█ █...████.███ █@█..█
█..██ █.█████....███
█..█████.............█
█................(██.█
█..█████.██████████
███..█████.██████
.......†........█
████...███.██████
█.....█ █.█


You could see an adder.

Vanquished Creatures
  A giant gecko (D:2)
  3 bats
  2 giant cockroaches
  3 hobgoblins (D:1)
  2 jackals (D:2)
  5 kobolds
  A quokka (D:2)
  A giant newt (D:1)
  2 goblins (D:1)
  2 rats
22 creatures vanquished.

Notes
Turn   | Place    | Note
--------------------------------------------------------------
     0 | D:1      | Goblin1989 the Spriggan Gladiator began the quest for the Orb.
     0 | D:1      | Reached XP level 1. HP: 10/10 MP: 2/2
   469 | D:1      | Reached XP level 2. HP: 12/14 MP: 3/3
   588 | D:1      | Found a sparkling altar of Nemelex Xobeh.
  1309 | D:2      | Slain by an adder

Action                   || total
-------------------------++-------
Melee: Rapier            ||    76
  Use: Potion            ||     1
 Stab: Sleeping          ||     2

Vault maps used:
D:1:      ncdulo_smallfort, nemelex_diamond_rough_becter
